 Dungeon Crawl Stone Soup version 0.30-a0-591-g3c58d2bc28 (webtiles) character file.

Game seed: 9953116347484828139

7 purpskrrrp the Conjurer (level 1, 0/13 HPs)
             Began as a Demonspawn Conjurer on Jan 6, 2023.
             Slain by a jackal (2 damage)
             ... on level 1 of the Dungeon.
             The game lasted 00:00:26 (205 turns).

purpskrrrp the Conjurer (Demonspawn Conjurer)        Turns: 205, Time: 00:00:26

Health: 0/13       AC:  2    Str:  7    XL:     1   Next: 91%
Magic:  1/3        EV: 12    Int: 19    God:
Gold:   15         SH:  0    Dex: 11    Spells: 3/4 levels left

rFire   . . .      SeeInvis .    (no weapon)
rCold   . . .      Faith    .    (no shield)
rNeg    . . .      Spirit   .    a - +0 robe
rPois   .          Reflect  .    (no helmet)
rElec   .          Harm     .    (no cloak)
rCorr   .          Rampage  .    (no gloves)
Will    .....                    (no boots)
Stlth   ++                       (no amulet)
HPRegen 0.22/turn                (no ring)
MPRegen 0.08/turn                (no ring)

@: no status effects
A: no striking features
a: no special abilities


You were on level 1 of the Dungeon.
You visited 1 branch of the dungeon, and saw 1 of its levels.

You collected 15 gold pieces.

Inventory:

Armour
 a - a +0 robe (worn)
Potions
 b - a potion of magic


   Skills:
 + Level 2.0 Dodging
 - Level 1.8 Stealth
 + Level 2.1 Spellcasting
 + Level 4.1 Conjurations


You had 3 spell levels left.
You knew the following spells:

 Your Spells              Type           Power      Damage    Failure   Level
a - Magic Dart            Conj           68%        1d6       3%          1

Your spell library contained the following spells:

 Spells                   Type           Power      Damage    Failure   Level
 Searing Ray              Conj           34%        2d5       4%          2
 Dazzling Flash           Conj/Hex       18%        N/A       22%         3
 Fulminant Prism          Conj/Hex       4%         3d5       56%         4
 Iskenderun's Mystic Bla  Conj/Tloc      9%         2d4       56%         4


Dungeon Overview and Level Annotations

Branches:
Dungeon (1/15)

Altars:


Message History

Your Dodging skill increases to level 2!
The jackal closely misses you. The jackal bites you. x2
You closely miss the jackal. The jackal bites you. The jackal misses you.
You hit the jackal but do no damage. The jackal misses you.
The jackal closely misses you.
You hit the jackal but do no damage. The jackal bites you.
The jackal bites you but does no damage.
The jackal barely misses you. x2
You hit the jackal but do no damage. The jackal misses you.
The jackal closely misses you.
You hit the jackal.
The jackal is moderately wounded.
The jackal bites you but does no damage.
The jackal bites you. The jackal closely misses you.
The jackal barely misses you.
You barely miss the jackal.
The jackal is moderately wounded.
The jackal barely misses you. The jackal closely misses you.
A frilled lizard comes into view.
You closely miss the jackal.
The jackal is moderately wounded.
The jackal closely misses you. The jackal misses you.
The frilled lizard hisses angrily.
You hit the jackal but do no damage.
The jackal is moderately wounded.
The jackal bites you but does no damage.
The jackal bites you.
* * * LOW HITPOINT WARNING * * *
The jackal bites you but does no damage.
The jackal closely misses you.
You barely miss the jackal.
The jackal is moderately wounded.
The jackal barely misses you.
The jackal bites you but does no damage.
You miss the jackal.
The jackal is moderately wounded.
The jackal bites you.
* * * LOW HITPOINT WARNING * * *
The jackal bites you.
You die...

#.. ..# #.# #.#
#.# #.#
##.######.#
#......##.#####
#..###........#
#.........##>..
####.#########....
#@h......# ##...
#h##.###.# ##.#
#h##.# #.# #l##..
#.# #.####. ##+#
#.. .. ##... ###
## ##.... ##.....
#[.....


You could see 3 jackals and a frilled lizard.

Vanquished Creatures
  2 ball pythons (D:1)
  A hobgoblin (D:1)
  A jackal (D:1)
  A quokka (D:1)
  A rat (D:1)
6 creatures vanquished.

Notes
Turn   | Place    | Note
-------+----------+-------------------------------------------
     0 | D:1      | purpskrrrp the Demonspawn Conjurer began the quest for the
                  | Orb.
     0 | D:1      | Reached XP level 1. HP: 13/13 MP: 3/3
   205 | D:1      | Slain by a jackal

Illustrated notes

Levels and vault maps discovered:
D:1:      denvon_arrival_hothouse, layout_loops_corners

Skill      XL: |  1 |
---------------+----+-----
Dodging        | 2 |  2.0
Stealth        | |  1.8
Spellcasting   | |  2.1
Conjurations   | |  4.1

Action                   || total
-------------------------++-------
Melee: Unarmed           ||    23
 Cast: Magic Dart        ||    10
Armor: Robe              ||     5
Dodge: Dodged            ||    26

Table legend: (Time is in decaauts)
 A = Elapsed time spent in this place.
 B = Non-inter-level travel time spent in this place.
 C = Inter-level travel time spent in this place.
 D = Time resting spent in this place.
 E = Time spent auto-exploring this place.
 F = Levels seen in this place.
 G = Mean time per level.
                   A        B        C        D        E       F      G
               +--------+--------+--------+--------+--------+-----+--------+
         Total |    205 |    205 |      0 |      0 |    164 |   1 |  205.0 |
       Dungeon |    205 |    205 |      0 |      0 |    164 |   1 |  205.0 |
               +--------+--------+--------+--------+--------+-----+--------+

Top non-repeatable levels by time:
     D:1: 205 daAuts
